 Dungeon Crawl Stone Soup version 0.28.0-53-g5a82cb258f (webtiles) character file.

Game seed: 7326002564433478683

3810 DemonSlayer the Arsonist (level 9, -1/61 HPs)
             Began as a Demonspawn Fire Elementalist on Aug 21, 2022.
             Was a Believer of Dithmenos.
             Succumbed to an orc wizard's poison
             ... on level 6 of the Dungeon.
             The game lasted 00:19:37 (10420 turns).

DemonSlayer the Arsonist (DsFE)                    Turns: 10420, Time: 00:19:37

Health: -1/61      AC:  3    Str:  8    XL:     9   Next: 96%
Magic:  21/21      EV: 12    Int: 27    God:    Dithmenos [**....]
Gold:   376        SH:  0    Dex: 14    Spells: 8/24 levels left

rFire   . . .      SeeInvis .   j - +2 dagger (venom)
rCold   . . .      Faith    .   (no shield)
rNeg    . . .      Spirit   .   a - +1 robe
rPois   .          Reflect  .   (no helmet)
rElec   .          Harm     .   (no cloak)
rCorr   .          Rampage  .   (no gloves)
Will    .....                   (no boots)
Stlth   ++++......              g - amulet of the acrobat
HPRegen 0.20/turn               e - +6 ring of intelligence
MPRegen 0.17/turn               m - ring of flight

@: lethally poisoned (-1 -> -8), flying, wreathed by umbra
A: demonic guardian 1, sharp scales 1, demonic magic 1, weakness stinger 2,
hooves 1, deformed body, inability to read while threatened
a: Renounce Religion, Shadow Step


You were on level 6 of the Dungeon.
You worshipped Dithmenos.
Dithmenos was pleased with you.
You visited 2 branches of the dungeon, and saw 7 of its levels.
You also visited: Sewer.

You collected 376 gold pieces.

Inventory:

Hand Weapons
 j - a +2 dagger of venom (weapon)
Armour
 a - a +1 robe (worn)
Jewellery
 c - an amulet of reflection
 e - a +6 ring of intelligence (left hand)
 g - an amulet of the acrobat (around neck)
 m - a ring of flight (right hand)
Wands
 l - a wand of flame (29)
 n - a wand of iceblast (6)
Scrolls
 o - a scroll of teleportation
Potions
 b - a potion of cancellation


   Skills:
 + Level 1.9 Fighting
 + Level 2.2 Short Blades
 + Level 2.7 Dodging
 + Level 5.7 Stealth
 + Level 1.0 Unarmed Combat
 + Level 8.1 Spellcasting
 + Level 2.3 Conjurations
 + Level 8.4 Fire Magic
 + Level 0.1 Evocations


You had 8 spell levels left.
You knew the following spells:

 Your Spells              Type           Power      Damage    Failure   Level
a - Foxfire               Conj/Fire      100%       2x1d9     1%          1
b - Scorch                Fire           100%       2d10      1%          2
c - Flame Wave            Conj/Fire      40%        2d9       5%          4
d - Searing Ray           Conj           46%        2d6       3%          2
e - Conjure Flame         Conj/Fire      40%        6-21      1%          3
f - Summon Lightning Spi  Summ/Air       10%        N/A       45%         4

Your spell library contained the following spells:

 Spells                   Type           Power      Damage    Failure   Level
 Magic Dart               Conj           92%        1d7       1%          1
 Inner Flame              Hex/Fire       33%        N/A       2%          3
 Fulminant Prism          Conj/Hex       8%         3d7       32%         4
 Storm Form               Tmut/Air       5%         N/A       100%        7
 Maxwell's Capacitive Co  Air            5%         ∞         100%        8


Dungeon Overview and Level Annotations

Branches:
Dungeon (6/15)             Temple (1/1) D:4           Sewer (visited)

Altars:
Ashenzari
Cheibriados
Dithmenos
Elyvilon
Fedhas
Gozag
Hepliaklqana
Kikubaaqudgha
Makhleb
Nemelex Xobeh
Okawaru
Qazlal
Ru
Sif Muna
Trog
Uskayaw
Vehumet
Wu Jian
Xom
Yredelemnul
Zin

Annotations:
D:3 2 transporters, Chadd's ghost, weakling DsNe
D:6 1 runed translucent door, Crazy Yiuf


Innate Abilities, Weirdness & Mutations

A weak demonic guardian rushes to your aid.
You are partially covered in razor-sharp scales. (AC +1, Slay +1)
Spells you cast may paralyse adjacent enemies.
You have a tail ending in a sharp stinger.
You have large cloven feet.
Armour fits poorly on your strangely shaped body.
You sometimes lose the ability to read scrolls when taking damage.


Message History

You bump into the rock wall.
You feel sick. Something hits you.
You are more poisoned.
You bump into the rock wall.
You feel very sick. Something hits you but does no damage.
You feel very sick.
You hear some strange, mumbled words.
A puff of flame appears from out of thin air!
The puff of flame misses you.
You bump into the rock wall.
You feel less confused.
You feel very sick.
You hear some strange, mumbled words.
You are confused.
You bump into the rock wall.
You feel sick.
You hit something.
Your tail-slap misses something.
Your punch misses something.
You feel sick. Something hits you.
* * * LOW HITPOINT WARNING * * *
A demonic guardian appears!
You are lethally poisoned!
You hit something.
* * * LOW HITPOINT WARNING * * *
You feel very sick. Dithmenos accepts your kill.
Reactivating autopickup.
You feel a bit more experienced.
You bump into the rock wall.
* * * LOW HITPOINT WARNING * * *
You feel very sick. The orc barely misses you.
You bump into the rock wall.
* * * LOW HITPOINT WARNING * * *
You feel very sick. The orc misses you.
You completely miss the orc.
* * * LOW HITPOINT WARNING * * *
You feel sick. The orc barely misses you.
You bump into the rock wall.
You feel less confused.
You die...

#.# #.#.############ #.#
#.#[# #.# #.### #.# #.#
#.# #.# #.#####.#
#.......#
#.######################
#....)o@5...............
########################


You could see an orc (ally target) and a friendly iron imp (summoned).

Vanquished Creatures
  Pikel (D:6)
  An ugly thing (D:6)
  Maggie (D:6)
  Grinder (D:6)
  Sigmund (D:3)
  Eustachio (D:6)
  4 ice beasts
  A black bear (D:6)
  2 sky beasts (D:6)
  A necrophage (D:6)
  2 centaurs
  A lemure (D:6)
  A kobold brigand (D:6)
  A scorpion (D:4)
  A water moccasin zombie (D:5)
  4 wights (D:6)
  2 bullfrog zombies (D:6)
  3 hounds
  A jelly (D:6)
  A centaur zombie (D:4)
  2 centaur skeletons
  An orc priest (D:3)
  A gnoll shaman (D:6)
  2 bullfrog skeletons
  Jessica (D:3)
  2 orc wizards (D:6)
  A hell rat (Sewer)
  11 adders
  7 gnolls
  5 river rats (Sewer)
  2 worms
  3 dart slugs
  13 orcs
  6 endoplasms
  4 giant cockroaches
  12 goblins
  11 hobgoblins
  12 jackals
  16 kobolds
  3 quokkas
  3 ball pythons
  5 bats
  5 frilled lizards
  12 rats
171 creatures vanquished.

Vanquished Creatures (collateral kills)
  A black bear (D:6)
  A gnoll (D:6)
  An adder (D:2)
  A shadow imp (D:6)
  A giant cockroach (D:1)
  A goblin (D:2)
  A hobgoblin (D:1)
  3 jackals (D:1)
  A foxfire (D:2)
11 creatures vanquished.

Vanquished Creatures (others)
  205 foxfires
  6 plants (D:3)
211 creatures vanquished.

Grand Total: 393 creatures vanquished

Notes
Turn   | Place    | Note
-------+----------+-------------------------------------------
     0 | D:1      | DemonSlayer the Demonspawn Fire Elementalist began the
                  | quest for the Orb.
     0 | D:1      | Reached XP level 1. HP: 13/13 MP: 3/3
   395 | D:1      | Gained mutation: A weak demonic guardian rushes to your
                  | aid. [demonic ancestry]
   395 | D:1      | Reached XP level 2. HP: 19/19 MP: 0/5
   479 | D:1      | Learned a level 2 spell: Scorch
  1128 | D:1      | You fall into a shaft and drop 1 floor!
  1166 | D:2      | Gained mutation: You have a small tail. [demonic ancestry]
  1166 | D:2      | Reached XP level 3. HP: 16/24 MP: 0/6
  1719 | D:2      | Found a faded altar of an unknown god.
  2064 | D:2      | Reached XP level 4. HP: 9/30 MP: 0/7
  2810 | D:2      | Learned a level 4 spell: Flame Wave
  3904 | D:3      | Noticed Sigmund
  3911 | D:3      | Killed Sigmund
  3912 | D:3      | Reached skill level 1 in Unarmed Combat
  3912 | D:3      | Reached XP level 5. HP: 28/36 MP: 0/10
  3912 | D:3      | Gained mutation: Spells you cast may paralyse adjacent
                  | enemies. [demonic ancestry]
  3912 | D:3      | Reached XP level 6. HP: 32/42 MP: 0/11
  4132 | D:3      | Noticed Jessica
  4136 | D:3      | Killed Jessica
  4149 | D:3      | Identified the +1 ring mail of Zazu {Contam rPois Int+7}
  4355 | D:3      | Noticed Chadd's ghost (weakling DsNe)
  4499 | D:3      | Found a transporter.
  4499 | D:3      | Found a transporter.
  4894 | D:3      | Learned a level 2 spell: Searing Ray
  4898 | D:3      | Learned a level 3 spell: Conjure Flame
  5461 | D:4      | Noticed an ice beast
  5469 | D:4      | Killed an ice beast
  5470 | D:4      | Reached XP level 7. HP: 39/47 MP: 8/13
  5764 | D:4      | Found a staircase to the Ecumenical Temple.
  5883 | Temple   | Entered the Ecumenical Temple
  6175 | Temple   | Became a worshipper of Dithmenos the Shadowed
  6513 | D:5      | Entered Level 5 of the Dungeon
  6625 | D:5      | Found a glowing drain.
  6629 | Sewer    | Entered a sewer
  6686 | Sewer    | Reached skill level 5 in Fire Magic
  7556 | D:5      | Reached skill level 1 in Fighting
  7565 | D:5      | Reached skill level 5 in Spellcasting
  7832 | D:5      | Reached * piety under Dithmenos
  8232 | D:5      | Learned a level 4 spell: Summon Lightning Spire
  8289 | D:6      | Gained mutation: You are partially covered in razor-sharp
                  | scales. (AC +1, Slay +1) [demonic ancestry]
  8289 | D:6      | Reached XP level 8. HP: 54/54 MP: 8/15
  8383 | D:6      | Noticed Pikel
  8416 | D:6      | Killed Pikel
  8417 | D:6      | Reached skill level 1 in Short Blades
  8638 | D:6      | Gained mutation: You have a tail ending in a sharp stinger.
                  | [demonic ancestry]
  8638 | D:6      | Reached XP level 9. HP: 36/59 MP: 2/19
  8640 | D:6      | Noticed Grinder
  8957 | D:6      | Noticed Eustachio
  8965 | D:6      | Killed Eustachio
  9002 | D:6      | Found a runed translucent door.
  9003 | D:6      | Noticed Crazy Yiuf
  9085 | D:6      | Noticed a brown ugly thing
  9092 | D:6      | Killed a brown ugly thing
  9093 | D:6      | Reached skill level 5 in Stealth
  9357 | D:6      | Paralysed by Grinder for 3 turns
  9364 | D:6      | Killed Grinder
  9364 | D:6      | Reached ** piety under Dithmenos
  9560 | D:6      | Noticed Maggie
  9743 | D:6      | Gained mutation: You sometimes lose the ability to read
                  | scrolls when taking damage. [potion of mutation]
  9743 | D:6      | Gained mutation: Armour fits poorly on your strangely
                  | shaped body. [potion of mutation]
  9743 | D:6      | Gained mutation: You have large cloven feet. [potion of
                  | mutation]
  9747 | D:6      | Killed Maggie
 10418 | D:6      | HP: 3/61 [poisoned by an orc wizard]
 10419 | D:6      | HP: 1/61 [poisoned by an orc wizard]
 10420 | D:6      | Succumbed to an orc wizard's poison

Illustrated notes

Levels and vault maps discovered:
D:1:      scummos_arrival_forest, layout_loops_ring
D:2:      layout_basic, shapermc_ecumenical_altar_flowoftime
D:3:      layout_basic, gammafunk_ghost_gnarly_gnolls, uniq_jessica,
          uniq_sigmund
D:4:      cheibrodos_greedy_goblins, layout_rooms, temple_statues,
          dk_noncrumbling_4
D:5:      layout_rooms, gup_sewer_entry_spiral
D:6:      layout_basic, nicolae_water_bricks, minmay_bent,
          uniq_crazy_yiuf_cottage, uniq_maggie, uniq_eustachio, uniq_grinder,
          uniq_pikel
Temple:   regret_index_temple_sigil_plot

Skill      XL: |  1  2  3  4  5  6  7  8  9 |
---------------+----------------------------+-----
Fire Magic     | 3 4 5 7 8 |  8.4
Dodging        | 2 |  2.7
Stealth        | 2 3 4 5 |  5.7
Conjurations   | 2 |  2.3
Unarmed Combat | 1 |  1.0
Spellcasting   | 3 4 5 6 8 |  8.1
Fighting       | 1 |  1.9
Short Blades   | 1 2 |  2.2
Evocations     | |  0.1

Action                   |  1- 3 |  4- 6 |  7- 9 || total
-------------------------+-------+-------+-------++-------
Melee: Unarmed           |    85 |    19 |       ||   104
       Punch             |     1 |       |       ||     1
       Tailslap          |     4 |     6 |     7 ||    17
       Dagger            |       |    22 |    84 ||   106
       Kick              |       |       |     2 ||     2
 Cast: Foxfire           |    72 |    66 |       ||   138
       Scorch            |     4 |    43 |   117 ||   164
Evoke: Wand              |       |       |     1 ||     1
  Use: Scroll            |     1 |     3 |     7 ||    11
       Potion            |       |       |    12 ||    12
 Stab: Paralysed         |       |     9 |    24 ||    33
       Sleeping          |       |     3 |     3 ||     6
       Distracted        |       |       |     1 ||     1
Armor: Robe              |    17 |     5 |    13 ||    35
       Skin              |       |       |    10 ||    10
Dodge: Dodged            |    80 |    35 |    73 ||   188
